 Dungeon Crawl Stone Soup version 0.31-a0-640-g39d97e502b (webtiles) character file.

Game seed: 5335535081954851338

121 rvierbuc the Trooper (level 4, -1/37 HPs)
             Began as a Demonspawn Berserker on Aug 27, 2023.
             Was a Believer of Trog.
             Slain by Ijyb
             ... wielding a +0 dagger
              (5 damage)
             ... on level 3 of the Dungeon.
             The game lasted 00:03:49 (1747 turns).

rvierbuc the Trooper (Demonspawn Berserker)         Turns: 1747, Time: 00:03:50

Health: -1/37      AC:  8    Str: 25    XL:     4   Next: 77%
Magic:  4/4        EV:  8    Int: 11    God:    Trog [**....]
Gold:   140        SH:  0    Dex: 18    Spells: 3/3 levels left

rFire   + + .        a - +0 hand axe
rCold   . . .        (no shield)
rNeg    + + .        g - +0 plate armour
rPois   +            (helmet restricted)
rElec   .            (no cloak)
rCorr   .            o - +0 pair of gloves
SInv    .            (no boots)
Will    .....        (no amulet) Stlth
                     c - +6 ring of strength
HPRegen 0.26/turn    h - ring "Ecufris" {rPois rF++ rN++ Dex+6}
MPRegen 0.09/turn

%: no passive effects
@: corroded, on berserk cooldown, slowed, very slow
A: horns 1, demonic guardian 1, big brain 1
a: Renounce Religion, Berserk, Trog's Hand


You were on level 3 of the Dungeon.
You worshipped Trog.
Trog was pleased with you.
You visited 1 branch of the dungeon, and saw 3 of its levels.

You collected 140 gold pieces.

Inventory:

Hand Weapons
 a - a +0 hand axe (weapon)
Missiles
 d - 4 datura-tipped darts
 i - 7 poisoned darts
Armour
 b - a +0 animal skin
 g - a +0 plate armour (worn)
 o - a +0 pair of gloves (worn)
Jewellery
 c - a +6 ring of strength (left hand)
 f - a +5 ring of evasion
 h - the ring "Ecufris" (right hand) {rPois rF++ rN++ Dex+6}
   (You found it on level 2 of the Dungeon)

   [ring of dexterity]

   Dex+6:     It affects your dexterity (+6).
   rF++:      It greatly protects you from fire.
   rPois:     It protects you from poison rN++: It greatly protects you from
   negative energy.
 k - a ring of see invisible
 l - a ring of fire
Wands
 q - a wand of charming (12)
Scrolls
 j - a scroll of revelation {unknown}
 m - a scroll of identify {unknown}
 p - a scroll of silence {unknown}
Potions
 e - a potion of mutation {unknown}
 n - 2 potions of degeneration {unknown}


   Skills:
 + Level 3.7 Fighting
 + Level 3.4 Axes
 + Level 2.8 Armour
 + Level 2.6 Dodging


You had 3 spell levels left.
You didn't know any spells.
Your spell library was empty.

Dungeon Overview and Level Annotations

Branches:
Dungeon (3/15)

Altars:
Ashenzari
Gozag
Uskayaw

Annotations:
D:3 Ijyb


Innate Abilities, Weirdness & Mutations

You have a pair of small horns on your head.
A weak demonic guardian rushes to your aid.
You have an unusually large brain. (Int +2)


Message History

The kobold throws a stone.
The stone hits you but does no damage.
The kobold throws a stone.
The stone hits you but does no damage.
Ijyb hits you but does no damage. x2; The kobold hits you with a +0 dagger.
You hit Ijyb but do no damage. Your headbutt misses Ijyb.
You closely miss the kobold. Ijyb hits you but does no damage.
The kobold hits you but does no damage.
Ijyb zaps a wand.
The bolt of acid hits you.
A demonic guardian appears!
The bolt of acid hits your shadow imp! The acid corrodes your shadow imp!
The kobold hits you but does no damage.
You hit Ijyb but do no damage. You hit the kobold.
You kill the kobold!
Trog accepts your kill.
You can now call upon Trog for regeneration and willpower.
Ijyb hits you but does no damage.
You hit Ijyb but do no damage. Ijyb hits you with a +0 dagger.
Your shadow imp hits Ijyb but does no damage.
Ijyb barely misses you.
Your shadow imp misses Ijyb.
You barely miss Ijyb. You headbutt Ijyb!
Ijyb is moderately wounded.
Ijyb hits you but does no damage.
Your shadow imp misses Ijyb.
Ijyb hits you but does no damage.
Your shadow imp hits Ijyb.
You closely miss Ijyb. Your headbutt misses Ijyb.
Ijyb is moderately wounded.
Ijyb hits you but does no damage.
Your shadow imp gestures at Ijyb.
Ijyb writhes in agony!
Ijyb hits you but does no damage.
You barely miss Ijyb. You headbutt Ijyb.
Ijyb is severely wounded.
Your shadow imp hits Ijyb.
Ijyb hits you with a +0 dagger.
Your shadow imp hits Ijyb.
You catch the helpless Ijyb completely off-guard!
You hit Ijyb but do no damage. Your headbutt misses Ijyb.
Ijyb is almost dead.
Ijyb zaps a wand.
The bolt of acid hits you!!
Ouch! That really hurt!
* * * LOW HITPOINT WARNING * * *
The acid corrodes you!
Your shadow imp hits Ijyb but does no damage.
Ijyb hits you with a +0 dagger.
You die...

#! .# ###.#########.# #
............#.### ## .
...#............ . .. .
......)......# ###.# #?.
#..g@.....#### ##.~
##.#..#...5........# ...
♣P.......=...)...##.#
##.♣♣~.#...#..####)).###.#
.##~~# # # #.# #..).## #.#
#.#.# ... ###.## #.# ##..#
#.# #.# #># #..# #.#. _..#
#.# #.# ##..# #.# #.#. #.#
#.#


You could see Ijyb (ally target) and a friendly shadow imp (summoned, corroded).

Vanquished Creatures
  An iguana (D:3)
  4 gnolls (D:3)
  An adder (D:3)
  A worm (D:2)
  A dart slug (D:1)
  4 endoplasms
  A giant cockroach (D:1)
  2 goblins (D:1)
  3 hobgoblins
  A jackal (D:2)
  A quokka (D:1)
  2 ball pythons
  7 bats
  A frilled lizard (D:3)
  4 kobolds
  12 rats
46 creatures vanquished.

Vanquished Creatures (collateral kills)
  A jackal (D:2)
  A quokka (D:2)
2 creatures vanquished.

Grand Total: 48 creatures vanquished

Notes
Turn   | Place    | Note
-------+----------+-------------------------------------------
     0 | D:1      | rvierbuc the Demonspawn Berserker began the quest for the
                  | Orb.
     0 | D:1      | Reached XP level 1. HP: 18/18 MP: 1/1
   173 | D:1      | Gained mutation: You have a pair of small horns on your
                  | head. [demonic ancestry]
   173 | D:1      | Reached XP level 2. HP: 11/24 MP: 2/2
   940 | D:2      | Identified the ring "Ecufris" {rPois rF++ rN++ Dex+6}
   991 | D:2      | Found a broken altar of Ashenzari.
  1038 | D:2      | Gained mutation: A weak demonic guardian rushes to your
                  | aid. [demonic ancestry]
  1038 | D:2      | Reached XP level 3. HP: 29/29 MP: 3/3
  1608 | D:3      | Found a hide-covered altar of Uskayaw.
  1611 | D:3      | Found an opulent altar of Gozag.
  1626 | D:3      | Gained mutation: You have an unusually large brain. (Int
                  | +2) [demonic ancestry]
  1626 | D:3      | Reached XP level 4. HP: 21/35 MP: 4/4
  1734 | D:3      | Noticed Ijyb
  1742 | D:3      | Reached ** piety under Trog
  1747 | D:3      | Slain by Ijyb

Illustrated notes

Levels and vault maps discovered:
D:1:      minmay_arrival_wavy_path, layout_loops_ring,
          nicolae_figureground_pulse
D:2:      layout_rooms, basic_altar, minmay_rat_gold_closets
D:3:      layout_loops_ring, nicolae_gozag_cash_rules_everything_around_me,
          mainiacjoe_overflow_tiny_flanked, serial_bayou, serial_bayou_shore_a,
          serial_bayou_pond_d, serial_bayou_pond_a, serial_bayou_pond_a,
          uniq_ijyb

Skill      XL: |  1  2 |
---------------+-------+-----
Armour         | 2 |  2.8
Dodging        | 2 |  2.6
Axes           | 3 |  3.4
Fighting       | |  3.7

Action                     |  1- 3 |  4- 6 || total
---------------------------+-------+-------++-------
  Melee: Hand axe          |    96 |    14 ||   110
         Headbutt          |    11 |     5 ||    16
 Invoke: Berserk           |     1 |     1 ||     2
   Stab: Sleeping          |     3 |       ||     3
         Distracted        |       |     1 ||     1
 Armour: Animal skin       |     7 |       ||     7
         Plate armour      |    32 |    18 ||    50
  Dodge: Dodged            |    39 |     6 ||    45

Table legend: (Time is in decaauts)
 A = Elapsed time spent in this place.
 B = Non-inter-level travel time spent in this place.
 C = Inter-level travel time spent in this place.
 D = Time resting spent in this place.
 E = Time spent auto-exploring this place.
 F = Levels seen in this place.
 G = Mean time per level.
                   A        B        C        D        E       F      G
               +--------+--------+--------+--------+--------+-----+--------+
         Total |   1777 |   1698 |     79 |    137 |   1204 |   3 |  592.3 |
       Dungeon |   1777 |   1698 |     79 |    137 |   1204 |   3 |  592.3 |
               +--------+--------+--------+--------+--------+-----+--------+

Top non-repeatable levels by time:
     D:1: 853 daAuts
     D:2: 683 daAuts
     D:3: 240 daAuts
